 Dungeon Crawl Stone Soup version 0.17.1-1-g73c8601 (webtiles) character file.

441 Implojin the Cleaver (level 6, -2/51 HPs)
             Began as a Minotaur Berserker on Apr 9, 2016.
             Was a Believer of Trog.
             Slain by a centaur (5 damage)
             ... on level 7 of the Dungeon.
             The game lasted 00:05:46 (928 turns).

Implojin the Cleaver (Minotaur Berserker)            Turns: 928, Time: 00:05:46

Health: -2/51      AC:  6    Str: 21    XL:     6   Next: 71%
Magic:  5/5        EV: 10    Int:  4    God:    Trog [**....]
Gold:   65         SH:  3    Dex: 12    Spells: 0 memorised, 5 levels left

rFire  . . .     SeeInvis .     r - +0 war axe
rCold  . . .     Clarity  .     l - +0 ring mail
rNeg   . . .     SustAt   .     d - +0 buckler
rPois  .         Gourm    .     (helmet restricted)
rElec  .         Spirit   .     u - +0 cloak
rCorr  .         Warding  .     (no gloves)
rMut   .         Stasis   .     (no boots)
MR     .....                    (no amulet)
Stlth  +.........               (no ring)
                                (no ring)

@: not resistant to hostile enchantments, very unstealthy
A: retaliatory headbutt, horns 2
a: Berserk, Trog's Hand, Burn Spellbooks, Renounce Religion


You were on level 7 of the Dungeon.
You worshipped Trog.
Trog was pleased with you.
You were not hungry.

You visited 1 branch of the dungeon, and saw 7 of its levels.

You collected 65 gold pieces.

Inventory:

Hand Weapons
 a - a +0 hand axe
 r - a +0 war axe (weapon)
Missiles
 h - 6 tomahawks (quivered)
Armour
 b - a +0 animal skin
 d - a +0 buckler (worn)
 j - a +0 scale mail
 k - a +0 chain mail
 l - a +0 ring mail (worn)
 q - a +2 robe of positive energy
 u - a +0 cloak (worn)
Jewellery
 p - an uncursed amulet of inaccuracy
Scrolls
 s - a scroll of teleportation
Potions
 m - 2 potions of brilliance
 o - a potion of cancellation {unknown}
Comestibles
 c - 2 bread rations
 f - a beef jerky
 n - 3 chunks of flesh


   Skills:
 - Level 3.6 Fighting
 * Level 9.2 Axes
 - Level 2.4 Armour
 - Level 2.1 Dodging


You had 5 spell levels left.
You didn't know any spells.

Dungeon Overview and Level Annotations

Branches:
Dungeon (7/15)             Temple (0/1) D:5

Altars:
Ashenzari
Fedhas


Innate Abilities, Weirdness & Mutations

You reflexively headbutt those who attack you in melee.
You have a pair of horns on your head.


Message History

You remove your amulet of inaccuracy.
Your surroundings suddenly seem different.
You feel sick.
You see here an adder corpse.
You butcher the adder corpse.
You feel sick.
n - 6 chunks of flesh (gained 2) Unknown command.
You feel sick.
Drink which item? (? for menu, Esc to quit)
Okay, then.
A crimson imp comes into view.
The crimson imp shouts!
Found a leatherbound book.
The crimson imp hits you but does no damage.
You closely miss the crimson imp.
You feel sick.
You are no longer poisoned.
The crimson imp hits you.
* * * LOW HITPOINT WARNING * * *
You closely miss the crimson imp.
The crimson imp hits you but does no damage.
Unknown command.
You slash the crimson imp!
You kill the crimson imp!
Trog accepts your kill.
Some of the chunks of flesh in your inventory have rotted away.
The spellbook bursts into flames.
Trog is delighted!
You feel slightly more hungry.
Found a stone staircase leading up.
A centaur comes into view.
The centaur shouts!
The centaur wields a shortbow.
The centaur shoots an arrow.
The arrow hits you.
* * * LOW HITPOINT WARNING * * *
You see here an arrow.
Drink which item? (? for menu, Esc to quit)
You feel better.
The centaur shoots an arrow.
The arrow hits you!
* * * LOW HITPOINT WARNING * * *
The centaur unwields an uncursed shortbow.
The centaur hits you.
You die...

.#.#.#.#....############
.#.#.#.#................
...........<.........#
#...........####.##### #
#................#####.#
.....#..................
....................##.#.
.........................
......#.......#.@(.......
......#..#..###c###..#.#.
.#.#..# #.. #.# ..# #
##....# #. #(# ..#
#.....................
....#.#..#........#..##
##...............c.. #
#.#..# ...........c.
#.#..# $$..#.#.#.<....


You could see a centaur.

Vanquished Creatures
  Blork the orc (D:5)
  A scorpion (D:5)
  A hound (D:5)
  3 crimson imps
  A giant frog zombie (D:5)
  An orc priest (D:5)
  3 worker ants
  3 adders
  An ooze (D:2)
  A giant gecko (D:5)
  5 orcs
  A bat (D:2)
  2 goblins
  A hobgoblin (D:3)
  6 jackals
  3 kobolds (D:3)
  A ball python (D:2)
  A giant newt (D:4)
  A quokka (D:3)
  A rat (D:1)
38 creatures vanquished.

Notes
Turn   | Place    | Note
--------------------------------------------------------------
     0 | D:1      | Implojin the Minotaur Berserker began the quest for the Orb.
     0 | D:1      | Reached XP level 1. HP: 19/19 MP: 0/0
   100 | D:2      | Reached skill level 4 in Axes
   108 | D:2      | Reached XP level 2. HP: 9/26 MP: 1/1
   271 | D:3      | Reached skill level 5 in Axes
   280 | D:3      | Reached XP level 3. HP: 7/31 MP: 2/2
   401 | D:4      | Found a shattered altar of Ashenzari.
   564 | D:4      | Reached skill level 6 in Axes
   564 | D:4      | Reached XP level 4. HP: 30/39 MP: 3/3
   578 | D:5      | Entered Level 5 of the Dungeon
   593 | D:5      | Found a staircase to the Ecumenical Temple.
   600 | D:5      | Reached skill level 7 in Axes
   600 | D:5      | Reached XP level 5. HP: 39/45 MP: 4/4
   624 | D:5      | Found a blossoming altar of Fedhas.
   708 | D:5      | Reached ** piety under Trog
   714 | D:5      | Reached skill level 8 in Axes
   714 | D:5      | Reached XP level 6. HP: 44/51 MP: 5/5
   772 | D:5      | Noticed Blork the orc
   781 | D:5      | Killed Blork the orc
   885 | D:7      | Reached skill level 9 in Axes
   928 | D:7      | Slain by a centaur

Action                   |  1- 3 |  4- 6 || total
-------------------------+-------+-------++-------
Melee: Hand axe          |    49 |    32 ||    81
       War axe           |       |    21 ||    21
Invok: Berserk           |     2 |     1 ||     3
       Burn Spellbooks   |       |     1 ||     1
  Use: Scroll            |       |     5 ||     5
       Potion            |       |     1 ||     1
  Eat: Chunk             |       |     3 ||     3

Table legend:
 A = Turns spent in this place as a percentage of turns spent in the entire game.
 B = Non-inter-level travel turns spent in this place as a percentage of non-inter-level travel turns spent in the entire game.
 C = Inter-level travel turns spent in this place as a percentage of turns spent in this place.
 D = Turns resting spent in this place as a percentage of non-inter-level travel turns spent in this place.
 E = Turns spent auto-exploring this place as a percentage of non-inter-level travel turns spent in this place.
 F = Non-inter-level travel turns spent in this place divided by the number of levels of this place that you've seen.
                   A       B       C       D       E      F
               +-------+-------+-------+-------+-------+----------------------
         Total | 100.0 | 100.0 |   0.0 |   0.0 |   0.0 | 130.1
       Dungeon | 100.0 | 100.0 |   0.0 |   0.0 |   0.0 | 130.1
               +-------+-------+-------+-------+-------+----------------------

Table legend:
 A = Kills in this place as a percentage of kills in entire the game.
 B = Kills by you in this place as a percentage of kills by you in the entire game.
 C = Kills by friends in this place as a percentage of kills by friends in the entire game.
 D = Other kills in this place as a percentage of other kills in the entire game.
 E = Experience gained in this place as a percentage of experience gained in the entire game.
 F = Experience gained in this place divided by the number of levels of this place that you have seen.
                   A       B       C       D       E      F
               +-------+-------+-------+-------+-------+----------------------
         Total | 100.0 | 100.0 |  -nan |  -nan | 100.0 |  90.1
       Dungeon | 100.0 | 100.0 |  -nan |  -nan | 100.0 |  90.1
               +-------+-------+-------+-------+-------+----------------------
